[ AOE2 MATCH · #505199596 ]
UnrankedBulgarians vs Poles
Player's team · WIN
Rival team · LOSS
[ REPLAY ANALYSIS · EXTRACTED FROM THE RECORDED GAME ]
Feudal
10:31
Castle
18:42
Imperial
—
| APM avg | 84.2 |
| APM peak | 128 |
| eAPM avg | 47.9 |
| Villagers / military | 92 / 35 |
Focus
⚔️ 66.8% · 🌾 33.2%
Knight ×17 · Militia ×7 · Skirmisher ×7 · Archer ×4
Feudal
9:16
Castle
22:20
Imperial
—
| APM avg | 73.1 |
| APM peak | 119 |
| eAPM avg | 46.1 |
| Villagers / military | 74 / 51 |
Focus
⚔️ 67.6% · 🌾 32.4%
Skirmisher ×27 · Knight ×21 · Archer ×1 · Spearman ×1 · Battering Ram ×1
Match map
Initial resources + every placement click. Lines = walls · curves = elevation contours. ◆ gold · ⬟ stone · ● berries · ✦ relic · ◌ wall gap
Your base· Open — 11t gap
SalzZ_wide's base· Open — 3t gap
Smoothed initial terrain · ◌ = detected wall gap · hover for details
Inputs per minute
— DS_Overtaken - - SalzZ_wide
Build order — DS_Overtaken
First 150 of 241 actions detected
| 0:00 | Create | Villager (Male) |
| 0:00 | Create | Villager (Male) |
| 0:00 | Create | Villager (Male) |
| 0:01 | Create | Villager (Male) |
| 0:02 | Build | House |
| 0:02 | Build | House |
| 1:23 | Create | Villager (Male) |
| 1:49 | Create | Villager (Male) |
| 2:06 | Build | Lumber Camp |
| 2:20 | Create | Villager (Male) |
| 2:20 | Create | Villager (Male) |
| 2:49 | Create | Villager (Male) |
| 2:59 | Create | Villager (Male) |
| 3:31 | Create | Villager (Male) |
| 3:49 | Build | House |
| 3:58 | Create | Villager (Male) |
| 3:58 | Create | Villager (Male) |
| 4:31 | Create | Villager (Male) |
| 4:33 | Build | Barracks |
| 4:49 | Create | Villager (Male) |
| 5:01 | Build | House |
| 5:14 | Create | Villager (Male) |
| 5:26 | Create | Militia |
| 5:42 | Create | Militia |
| 5:43 | Create | Villager (Male) |
| 5:53 | Create | Militia |
| 5:59 | Build | House |
| 6:08 | Create | Villager (Male) |
| 6:21 | Build | Mill |
| 6:34 | Create | Villager (Male) |
| 6:58 | Create | Villager (Male) |
| 7:22 | Create | Villager (Male) |
| 7:31 | Build | Mining Camp |
| 7:35 | Research | Loom |
| 8:20 | Research | Feudal Age |
| 8:20 | Research | Feudal Age |
| 8:20 | Research | Feudal Age |
| 8:20 | Research | Feudal Age |
| 8:21 | Create | Militia |
| 8:44 | Create | Militia |
| 8:56 | Build | Mill |
| 9:06 | Create | Militia |
| 9:06 | Create | Militia |
| 9:28 | Build | House |
| 9:48 | Create | Villager (Male) |
| 9:57 | Create | Villager (Male) |
| 10:05 | Create | Villager (Male) |
| 10:15 | Create | Villager (Male) |
| 10:31 | Age | Feudal Age |
| 10:36 | Create | Villager (Male) |
| 10:42 | Create | Villager (Male) |
| 10:44 | Create | Villager (Male) |
| 10:45 | Build | Farm |
| 10:47 | Build | Farm |
| 10:58 | Create | Villager (Male) |
| 11:01 | Create | Villager (Male) |
| 11:04 | Build | Farm |
| 11:17 | Create | Villager (Male) |
| 11:24 | Create | Villager (Male) |
| 11:27 | Build | Farm |
| 11:28 | Build | Farm |
| 11:32 | Create | Villager (Male) |
| 11:46 | Research | Double-Bit Axe |
| 11:46 | Research | Double-Bit Axe |
| 11:47 | Research | Horse Collar |
| 12:03 | Create | Villager (Male) |
| 12:06 | Create | Villager (Male) |
| 12:22 | Build | Farm |
| 12:38 | Create | Villager (Male) |
| 12:43 | Build | Farm |
| 12:55 | Build | Archery Range |
| 12:59 | Create | Villager (Male) |
| 13:17 | Create | Villager (Male) |
| 13:21 | Research | Wheelbarrow |
| 13:23 | Build | Farm |
| 13:35 | Build | House |
| 13:41 | Build | House |
| 13:44 | Build | Palisade Wall |
| 13:46 | Build | Palisade Wall |
| 13:48 | Create | Villager (Male) |
| 13:51 | Create | Skirmisher |
| 13:53 | Build | House |
| 13:59 | Build | Farm |
| 14:04 | Build | Palisade Wall |
| 14:19 | Build | Palisade Gate |
| 14:22 | Create | Villager (Male) |
| 14:26 | Build | Palisade Wall |
| 14:36 | Create | Villager (Male) |
| 14:40 | Create | Skirmisher |
| 14:41 | Create | Archer |
| 15:05 | Build | Palisade Wall |
| 15:07 | Build | Palisade Wall |
| 15:16 | Build | Blacksmith |
| 15:24 | Create | Villager (Male) |
| 15:26 | Build | Palisade Wall |
| 15:45 | Create | Archer |
| 16:02 | Research | Castle Age |
| 16:02 | Research | Castle Age |
| 16:02 | Research | Castle Age |
| 16:12 | Create | Skirmisher |
| 16:28 | Build | House |
| 16:33 | Build | Palisade Wall |
| 16:35 | Create | Skirmisher |
| 16:48 | Research | Fletching |
| 16:48 | Research | Fletching |
| 16:57 | Build | House |
| 17:01 | Build | Farm |
| 17:12 | Build | Farm |
| 17:14 | Create | Skirmisher |
| 17:16 | Research | Padded Archer Armor |
| 17:27 | Build | House |
| 17:29 | Build | Palisade Wall |
| 17:37 | Create | Archer |
| 18:08 | Create | Archer |
| 18:10 | Create | Skirmisher |
| 18:21 | Create | Villager (Male) |
| 18:42 | Age | Castle Age |
| 18:44 | Research | Bodkin Arrow |
| 18:49 | Create | Villager (Male) |
| 18:52 | Build | Town Center |
| 19:02 | Build | Town Center |
| 19:05 | Create | Villager (Male) |
| 19:27 | Create | Villager (Male) |
| 19:34 | Create | Skirmisher |
| 19:38 | Build | Farm |
| 19:39 | Build | Farm |
| 19:42 | Create | Villager (Male) |
| 19:53 | Create | Villager (Male) |
| 20:01 | Create | Villager (Male) |
| 20:10 | Create | Villager (Male) |
| 20:14 | Create | Villager (Male) |
| 20:15 | Create | Villager (Male) |
| 20:28 | Research | Hand Cart |
| 20:28 | Create | Villager (Male) |
| 20:33 | Build | Farm |
| 20:36 | Create | Villager (Male) |
| 20:45 | Build | Farm |
| 20:49 | Create | Villager (Male) |
| 20:50 | Create | Villager (Male) |
| 20:52 | Build | Farm |
| 20:59 | Create | Villager (Male) |
| 21:11 | Create | Villager (Male) |
| 21:13 | Build | Farm |
| 21:25 | Create | Villager (Male) |
| 21:28 | Build | Farm |
| 21:33 | Build | Farm |
| 21:35 | Build | Farm |
| 21:40 | Create | Villager (Male) |
| 21:40 | Create | Villager (Male) |
| 21:40 | Create | Villager (Male) |
Build order — SalzZ_wide
First 150 of 222 actions detected
| 0:00 | Create | Villager (Male) |
| 0:01 | Create | Villager (Male) |
| 0:01 | Create | Villager (Male) |
| 0:01 | Create | Villager (Male) |
| 0:02 | Build | House |
| 0:04 | Build | House |
| 1:15 | Create | Villager (Male) |
| 1:51 | Create | Villager (Male) |
| 2:13 | Create | Villager (Male) |
| 2:14 | Create | Villager (Male) |
| 2:53 | Build | Lumber Camp |
| 2:56 | Create | Villager (Male) |
| 2:57 | Create | Villager (Male) |
| 2:57 | Create | Villager (Male) |
| 3:32 | Build | House |
| 3:33 | Build | House |
| 3:45 | Create | Villager (Male) |
| 3:59 | Create | Villager (Male) |
| 4:20 | Create | Villager (Male) |
| 4:24 | Create | Villager (Male) |
| 4:24 | Create | Villager (Male) |
| 4:39 | Build | Mill |
| 4:44 | Create | Villager (Male) |
| 5:47 | Build | Palisade Wall |
| 5:49 | Build | Palisade Wall |
| 5:50 | Build | Palisade Wall |
| 6:11 | Create | Villager (Male) |
| 6:12 | Research | Loom |
| 6:23 | Build | Palisade Wall |
| 6:52 | Build | Lumber Camp |
| 7:00 | Research | Feudal Age |
| 7:38 | Build | Palisade Wall |
| 7:38 | Build | Palisade Wall |
| 7:39 | Build | Palisade Wall |
| 7:59 | Build | Palisade Wall |
| 8:23 | Build | Palisade Wall |
| 8:29 | Create | Villager (Male) |
| 8:35 | Build | Palisade Wall |
| 8:36 | Build | Palisade Wall |
| 8:37 | Build | Palisade Wall |
| 8:47 | Build | Barracks |
| 9:03 | Create | Villager (Male) |
| 9:10 | Build | Palisade Wall |
| 9:10 | Build | Palisade Wall |
| 9:16 | Age | Feudal Age |
| 9:22 | Create | Villager (Male) |
| 9:29 | Build | Palisade Wall |
| 9:30 | Build | Palisade Wall |
| 9:33 | Build | Palisade Wall |
| 9:35 | Build | Palisade Wall |
| 9:36 | Create | Villager (Male) |
| 9:44 | Build | Archery Range |
| 9:46 | Create | Villager (Male) |
| 10:05 | Build | House |
| 10:06 | Create | Villager (Male) |
| 10:36 | Create | Villager (Male) |
| 10:59 | Create | Villager (Male) |
| 11:02 | Create | Spearman |
| 11:04 | Create | Archer |
| 11:26 | Create | Villager (Male) |
| 11:26 | Create | Villager (Male) |
| 11:36 | Create | Villager (Male) |
| 11:42 | Create | Villager (Male) |
| 11:47 | Build | Palisade Wall |
| 11:50 | Build | Palisade Wall |
| 11:53 | Create | Villager (Male) |
| 12:08 | Create | Villager (Male) |
| 12:16 | Create | Villager (Male) |
| 12:34 | Build | Farm |
| 12:35 | Build | Farm |
| 12:41 | Build | Palisade Wall |
| 12:43 | Build | Palisade Wall |
| 13:18 | Create | Skirmisher |
| 13:18 | Create | Skirmisher |
| 13:23 | Build | House |
| 13:24 | Build | House |
| 13:26 | Build | Farm |
| 13:27 | Build | Mill |
| 13:28 | Build | Farm |
| 13:34 | Build | Mill |
| 13:39 | Build | Palisade Wall |
| 13:47 | Create | Villager (Male) |
| 13:51 | Create | Skirmisher |
| 14:02 | Build | Palisade Wall |
| 14:13 | Build | Farm |
| 14:13 | Build | Farm |
| 14:19 | Create | Villager (Male) |
| 14:36 | Create | Villager (Male) |
| 14:40 | Build | Farm |
| 14:42 | Research | Double-Bit Axe |
| 14:43 | Research | Horse Collar |
| 14:57 | Create | Villager (Male) |
| 14:59 | Build | Farm |
| 15:01 | Build | Farm |
| 15:13 | Create | Skirmisher |
| 15:13 | Create | Skirmisher |
| 15:28 | Create | Villager (Male) |
| 15:28 | Create | Villager (Male) |
| 15:36 | Build | Farm |
| 15:38 | Build | Farm |
| 15:42 | Create | Skirmisher |
| 15:45 | Create | Skirmisher |
| 15:48 | Build | Farm |
| 15:49 | Build | Farm |
| 15:55 | Create | Villager (Male) |
| 16:16 | Build | Mill |
| 16:17 | Build | Farm |
| 16:20 | Create | Villager (Male) |
| 16:23 | Build | Mining Camp |
| 16:28 | Build | House |
| 16:29 | Build | House |
| 16:35 | Create | Skirmisher |
| 16:35 | Create | Skirmisher |
| 16:44 | Create | Villager (Male) |
| 17:01 | Create | Skirmisher |
| 17:04 | Create | Villager (Male) |
| 17:07 | Build | Blacksmith |
| 17:24 | Create | Skirmisher |
| 17:45 | Build | House |
| 17:55 | Create | Skirmisher |
| 17:58 | Create | Villager (Male) |
| 18:15 | Create | Skirmisher |
| 18:17 | Build | House |
| 18:31 | Create | Villager (Male) |
| 18:56 | Build | Market |
| 19:16 | Build | Mining Camp |
| 19:24 | Build | House |
| 19:25 | Build | House |
| 19:36 | Build | Stable |
| 19:40 | Research | Castle Age |
| 19:43 | Create | Skirmisher |
| 19:44 | Create | Skirmisher |
| 20:02 | Build | Farm |
| 20:03 | Build | Farm |
| 20:07 | Build | Farm |
| 20:08 | Create | Skirmisher |
| 20:13 | Build | Stable |
| 20:16 | Create | Skirmisher |
| 20:20 | Research | Fletching |
| 20:20 | Research | Fletching |
| 20:22 | Create | Villager (Male) |
| 20:32 | Build | Palisade Gate |
| 20:40 | Research | Bloodlines |
| 20:42 | Create | Skirmisher |
| 20:44 | Build | Palisade Wall |
| 20:56 | Create | Skirmisher |
| 20:57 | Create | Villager (Male) |
| 21:01 | Build | Farm |
| 21:06 | Build | Farm |
| 21:10 | Create | Skirmisher |
Match timeline
| 4:33 | DS_Overtaken · first_building Barracks |
| 5:47 | SalzZ_wide · wall_segment Palisade Wall x3 |
| 5:49 | SalzZ_wide · wall_segment Palisade Wall x5 |
| 5:50 | SalzZ_wide · wall_segment Palisade Wall x1 |
| 6:23 | SalzZ_wide · wall_segment Palisade Wall x1 |
| 7:38 | SalzZ_wide · wall_segment Palisade Wall x1 |
| 7:38 | SalzZ_wide · wall_segment Palisade Wall x1 |
| 7:39 | SalzZ_wide · wall_segment Palisade Wall x1 |
| 7:59 | SalzZ_wide · wall_segment Palisade Wall x1 |
| 8:23 | SalzZ_wide · wall_segment Palisade Wall x14 |
| 8:35 | SalzZ_wide · wall_segment Palisade Wall x1 |
| 8:36 | SalzZ_wide · wall_segment Palisade Wall x1 |
| 8:37 | SalzZ_wide · wall_segment Palisade Wall x1 |
| 8:47 | SalzZ_wide · first_building Barracks |
| 9:10 | SalzZ_wide · wall_segment Palisade Wall x1 |
| 9:10 | SalzZ_wide · wall_segment Palisade Wall x1 |
| 9:16 | SalzZ_wide · age_up feudal |
| 9:29 | SalzZ_wide · wall_segment Palisade Wall x1 |
| 9:30 | SalzZ_wide · wall_segment Palisade Wall x1 |
| 9:33 | SalzZ_wide · wall_segment Palisade Wall x1 |
| 9:35 | SalzZ_wide · wall_segment Palisade Wall x1 |
| 9:44 | SalzZ_wide · first_building Archery Range |
| 10:31 | DS_Overtaken · age_up feudal |
| 11:47 | SalzZ_wide · wall_segment Palisade Wall x1 |
| 11:50 | SalzZ_wide · wall_segment Palisade Wall x1 |
| 12:41 | SalzZ_wide · wall_segment Palisade Wall x1 |
| 12:43 | SalzZ_wide · wall_segment Palisade Wall x1 |
| 12:55 | DS_Overtaken · first_building Archery Range |
| 13:39 | SalzZ_wide · wall_segment Palisade Wall x2 |
| 13:44 | DS_Overtaken · wall_segment Palisade Wall x4 |
| 13:46 | DS_Overtaken · wall_segment Palisade Wall x5 |
| 14:02 | SalzZ_wide · wall_segment Palisade Wall x11 |
| 14:04 | DS_Overtaken · wall_segment Palisade Wall x9 |
| 14:26 | DS_Overtaken · wall_segment Palisade Wall x5 |
| 15:05 | DS_Overtaken · wall_segment Palisade Wall x1 |
| 15:07 | DS_Overtaken · wall_segment Palisade Wall x1 |
| 15:26 | DS_Overtaken · wall_segment Palisade Wall x8 |
| 16:33 | DS_Overtaken · wall_segment Palisade Wall x8 |
| 17:29 | DS_Overtaken · wall_segment Palisade Wall x1 |
| 18:42 | DS_Overtaken · age_up castle |
| 19:36 | SalzZ_wide · first_building Stable |
| 19:39 | SalzZ_wide · first_market_sell 100 food |
| 20:44 | SalzZ_wide · wall_segment Palisade Wall x1 |
| 22:20 | SalzZ_wide · age_up castle |
| 23:29 | DS_Overtaken · wall_segment Stone Wall x5 |
| 23:44 | DS_Overtaken · first_building Stable |
| 24:14 | DS_Overtaken · wall_segment Stone Wall x4 |
| 25:39 | SalzZ_wide · first_building Siege Workshop |
| 27:40 | SalzZ_wide · first_market_buy 100 wood |
| 28:15 | SalzZ_wide · resign |
[ AI ANALYSIS · 1 CREDIT ]
What really happened in this match?
Wolo.gg analyzes every decision: build order, eco, micro, common mistakes by bracket. Personalized analysis on WhatsApp or Discord in 30 seconds.
Civ guide
Bulgarians
Perfil
Jugador #4632681